 Dungeon Crawl Stone Soup version 0.20-a0-1066-ga910694 (webtiles) character file.

189 JeffiDaFish the Shield-Bearer (level 5, -2/33 HPs)
             Began as a Gargoyle Fighter on Apr 28, 2017.
             Killed by divine providence
             ... invoked by an orc priest
              (11 damage)
             ... on level 4 of the Dungeon.
             The game lasted 00:07:40 (2814 turns).

JeffiDaFish the Shield-Bearer (Gargoyle Fighter)    Turns: 2814, Time: 00:07:41

Health: -2/33      AC: 21    Str: 23 (25) XL:     5   Next: 68%
Magic:  5/5        EV:  6    Int:  8      God:
Gold:   167        SH:  9    Dex:  7 (10) Spells: 4/4 levels left

rFire    . . .     SeeInvis .   a - +1 flail
rCold    . . .     Gourm    .   c - +0 shield
rNeg     + . .     Faith    .   n - +0 chain mail
rPois    ∞         Spirit   .   (no helmet)
rElec    +         Reflect  .   e - +1 cloak
rCorr    .         Harm     .   (no gloves)
MR       .....                  (no boots)
Stlth    ..........             (no amulet)
Regen    0.2/turn               j - +6 ring of protection
MPRegen  0.1/turn               (no ring)

@: mighty
A: negative energy resistance 1, electricity resistance, unbreathing,
petrification resistance, rot immunity, AC +4
a: no special abilities


You were on level 4 of the Dungeon.
You were hungry.

You visited 1 branch of the dungeon, and saw 4 of its levels.

You collected 167 gold pieces.

Inventory:

Hand Weapons
 a - a +1 flail (weapon)
Armour
 c - a +0 shield (worn)
 e - a +1 cloak (worn)
 n - a +0 chain mail (worn)
Jewellery
 j - a +6 ring of protection (left hand)
Scrolls
 b - 3 scrolls of remove curse
 i - 2 scrolls of teleportation
 l - a scroll of fog
 o - 2 scrolls of recharging
Potions
 d - a potion of might
 m - a potion of resistance
Comestibles
 f - 3 bread rations
 g - 3 chunks of flesh
 h - 3 meat rations
 k - 3 fruits
 p - a royal jelly


   Skills:
 + Level 4.2 Fighting
 + Level 3.7 Maces & Flails
 + Level 4.0 Armour
 + Level 0.5 Dodging
 + Level 4.3 Shields


You had 4 spell levels left.
You didn't know any spells.

Dungeon Overview and Level Annotations

Branches:
Dungeon (4/15)
 Temple: D:4-7

Altars:
Kikubaaqudgha
Nemelex Xobeh
Trog


Innate Abilities, Weirdness & Mutations

You are resistant to torment.
Your stone body is resilient. (AC +4)
You are immune to poison.
You resist negative energy. (rN+)
You are resistant to electric shocks. (rElec)
You can survive without breathing.
You are immune to petrification.
You are immune to rotting.


Message History

The orc priest is severely wounded.
You are feeling hungry.
The orc wizard mumbles some strange words.
The orc wizard seems to speed up.
You block the orc priest's attack.
The orc priest hits you but does no damage.
The teleport trap disappears.
The orc wizard disappears!
You feel very mighty all of a sudden.
The orc priest hits you but does no damage.
The orc priest begins to cast a cantrip, but forgets the words!
The phantom blinks!
You sock the orc priest!
You kill the orc priest!
Your Armour skill increases to level 4!
The orc priest hits you but does no damage.
You hit the orc priest.
The orc priest is moderately wounded.
The orc priest miscasts a cantrip.
The orc priest mumbles some strange prayers to Beogh against you.
Beogh smites you!
You die...

#.######......._.
#.....)..###.....
# #.######## ###
#. #.# .###.#
.$#.# #.#.#
####.#.##
#...)@..#
#...o...#
#.......#
...?W.....#
#.#.>.....#
..........#
###.....$.#
#########


You could see a phantom and an orc priest.

Vanquished Creatures
  2 orc priests
  An orc wizard (D:4)
  3 adders
  An ooze (D:1)
  2 worms
  A leopard gecko (D:4)
  4 orcs
  2 ball pythons
  9 bats
  3 giant cockroaches
  4 goblins
  7 hobgoblins
  3 jackals (D:2)
  4 kobolds
  3 frilled lizards
  23 rats
72 creatures vanquished.

Notes
Turn   | Place    | Note
-------+----------+-------------------------------------------
     0 | D:1      | JeffiDaFish the Gargoyle Fighter began the quest for the Orb.
     0 | D:1      | Reached XP level 1. HP: 14/14 MP: 1/1
   352 | D:1      | Reached XP level 2. HP: 19/19 MP: 2/2
  1044 | D:2      | Reached XP level 3. HP: 23/24 MP: 3/3
  1327 | D:2      | Found an ancient bone altar of Kikubaaqudgha.
  1407 | D:2      | Reached XP level 4. HP: 29/29 MP: 4/4
  1894 | D:3      | Reached XP level 5. HP: 33/33 MP: 5/5
  2081 | D:3      | Found a sparkling altar of Nemelex Xobeh.
  2664 | D:4      | Found a bloodstained altar of Trog.
  2806 | D:4      | Noticed a phantom
  2814 | D:4      | Killed from afar by an orc priest

Vault maps used:
D:1:      erik_arrival_orb_chamber, minmay_misc_feat_room
D:2:      nicolae_overflow_hidden_temple, first_bread, minmay_cupped
D:3:      nicolae_overflow_crystal_walls
D:4:      trog_book

Skill      XL: |  1  2  3  4  5 |
---------------+----------------+-----
Shields        | 4 |  4.3
Fighting       | 4 |  4.2
Maces & Flails | 3 |  3.7
Armour         | 4 |  4.0
Dodging        | |  0.5

Action                   |  1- 3 |  4- 6 || total
-------------------------+-------+-------++-------
Melee: Flail             |   108 |   135 ||   243
  Use: Scroll            |     8 |     3 ||    11
       Potion            |     2 |     7 ||     9
  Eat: Chunk             |     2 |     4 ||     6
Armor: Scale mail        |    65 |       ||    65
       Chain mail        |     7 |   134 ||   141
Dodge: Dodged            |    18 |    29 ||    47
Block: Shield            |    65 |    67 ||   132
